[ AOE2 MATCH · #484240980 ]
UnrankedPersians vs Cumans
[ REPLAY ANALYSIS · EXTRACTED FROM THE RECORDED GAME ]
Feudal
10:11
Castle
23:04
Imperial
36:05
| APM avg | 14.8 |
| APM peak | 36 |
| eAPM avg | 11.5 |
| Villagers / military | 122 / 95 |
Focus
⚔️ 22.7% · 🌾 77.3%
Knight ×68 · War Elephant ×11 · Monk ×5 · Trebuchet (Packed) ×5 · Spearman ×4 · Militia ×2
Feudal
—
Castle
—
Imperial
—
| APM avg | 18.2 |
| APM peak | 40 |
| eAPM avg | 15.4 |
| Villagers / military | 128 / 127 |
Focus
⚔️ 29.3% · 🌾 70.7%
Scout Cavalry ×64 · Boyar ×63 · Trade Cart ×15
Feudal
10:29
Castle
21:42
Imperial
39:08
| APM avg | 27.0 |
| APM peak | 51 |
| eAPM avg | 17.7 |
| Villagers / military | 182 / 78 |
Focus
⚔️ 19.5% · 🌾 80.5%
Skirmisher ×44 · Cavalry Archer ×18 · Trebuchet (Packed) ×10 · Militia ×6
Feudal
10:12
Castle
20:20
Imperial
31:09
| APM avg | 21.6 |
| APM peak | 56 |
| eAPM avg | 12.2 |
| Villagers / military | 102 / 135 |
Focus
⚔️ 36.7% · 🌾 63.3%
Karambit Warrior ×123 · Mangonel ×4 · Spearman ×4 · Trebuchet (Packed) ×4
Feudal
10:40
Castle
16:31
Imperial
35:52
| APM avg | 20.5 |
| APM peak | 34 |
| eAPM avg | 13.8 |
| Villagers / military | 97 / 50 |
Focus
⚔️ 29.9% · 🌾 70.1%
Longbowman ×14 · Battering Ram ×12 · Skirmisher ×7 · Scout Cavalry ×7 · Archer ×3 · Genitour ×3
Feudal
11:28
Castle
15:12
Imperial
33:36
| APM avg | 30.0 |
| APM peak | 52 |
| eAPM avg | 15.8 |
| Villagers / military | 126 / 149 |
Focus
⚔️ 18.4% · 🌾 81.6%
Shrivamsha Rider ×108 · Chakram Thrower ×39 · Trade Cart ×3 · Bombard Cannon ×2
Feudal
10:58
Castle
15:18
Imperial
36:20
| APM avg | 51.0 |
| APM peak | 91 |
| eAPM avg | 23.8 |
| Villagers / military | 139 / 80 |
Focus
⚔️ 29.0% · 🌾 71.0%
Camel Archer ×63 · Spearman ×6 · Bombard Cannon ×6 · Monk ×2 · Battering Ram ×2 · Mangonel ×1
Feudal
11:47
Castle
16:51
Imperial
31:03
| APM avg | 24.3 |
| APM peak | 63 |
| eAPM avg | 16.1 |
| Villagers / military | 152 / 102 |
Focus
⚔️ 28.1% · 🌾 71.9%
Mangudai ×60 · Steppe Lancer ×23 · Trade Cart ×15 · Trebuchet (Packed) ×14 · Monk ×5
Match map
Initial resources + every placement click. Lines = walls · curves = elevation contours. ◆ gold · ⬟ stone · ● berries · ✦ relic · ◌ wall gap
Your base· ✓ Closed at 23:04 · 0t walls · 3 gate(s)
Crispocivil's base· ✓ Closed at 13:39 · 0t walls · 2 gate(s)
Launger's base· ✓ Closed at 21:42 · 11t walls · 2 gate(s)
Zamstone's base· ✓ Closed at 20:20 · 0t walls · 3 gate(s)
sensticks's base· ✓ Closed at 16:31 · 0t walls · 2 gate(s)
Rasgacu's base· ✓ Closed at 15:12 · 0t walls · 3 gate(s)
CCM | Muflon de Elite's base· ✓ Closed at 15:18 · 0t walls · 3 gate(s)
熙玄大帝's base· ✓ Closed at 16:51 · 0t walls · 2 gate(s)
Smoothed initial terrain · ◌ = detected wall gap · hover for details
Inputs per minute
— Chevalierpersan - - Crispocivil
Build order — Chevalierpersan
First 150 of 305 actions detected
| 0:07 | Build | House |
| 0:08 | Build | House |
| 0:13 | Create | Villager (Male) ×5 |
| 0:13 | Create | Villager (Male) ×5 |
| 0:15 | Research | Loom |
| 1:49 | Create | Villager (Male) |
| 1:49 | Create | Villager (Male) |
| 2:32 | Create | Villager (Male) |
| 2:33 | Create | Villager (Male) |
| 3:05 | Build | Lumber Camp |
| 3:09 | Build | House |
| 3:12 | Create | Villager (Male) |
| 3:12 | Create | Villager (Male) |
| 3:34 | Build | Mill |
| 3:47 | Build | Mill |
| 3:49 | Create | Villager (Male) |
| 3:50 | Create | Villager (Male) |
| 3:50 | Create | Villager (Male) |
| 4:16 | Create | Villager (Male) |
| 5:04 | Create | Villager (Male) |
| 5:04 | Create | Villager (Male) |
| 5:04 | Create | Villager (Male) |
| 5:32 | Build | House |
| 6:32 | Create | Villager (Male) |
| 6:32 | Create | Villager (Male) |
| 6:32 | Create | Villager (Male) |
| 7:02 | Create | Villager (Male) |
| 8:00 | Research | Feudal Age |
| 8:29 | Build | Mining Camp |
| 8:58 | Build | Mining Camp |
| 10:11 | Age | Feudal Age |
| 10:14 | Research | Wheelbarrow |
| 10:15 | Research | Town Watch |
| 10:18 | Research | Double-Bit Axe |
| 10:21 | Research | Stone Mining |
| 10:47 | Research | Gold Mining |
| 11:36 | Create | Villager (Male) |
| 11:36 | Create | Villager (Male) |
| 11:52 | Build | House |
| 12:00 | Build | House |
| 12:10 | Research | Horse Collar |
| 12:15 | Build | Mill |
| 12:33 | Build | House |
| 12:57 | Create | Villager (Male) |
| 13:03 | Build | Farm |
| 13:09 | Build | Market |
| 13:12 | Create | Villager (Male) |
| 13:12 | Create | Villager (Male) |
| 13:24 | Build | Farm |
| 13:26 | Build | Farm |
| 13:32 | Build | Farm |
| 13:55 | Create | Villager (Male) |
| 13:55 | Create | Villager (Male) |
| 14:24 | Build | Barracks |
| 14:28 | Create | Villager (Male) |
| 14:28 | Create | Villager (Male) |
| 14:29 | Create | Villager (Male) |
| 15:17 | Create | Villager (Male) |
| 15:17 | Create | Villager (Male) |
| 15:18 | Create | Villager (Male) |
| 15:24 | Build | Blacksmith |
| 15:50 | Create | Militia |
| 15:51 | Create | Militia |
| 16:12 | Create | Villager (Male) |
| 16:12 | Create | Villager (Male) |
| 16:21 | Build | Stable |
| 16:49 | Build | Farm |
| 16:51 | Build | Farm |
| 16:53 | Build | Farm |
| 16:54 | Build | Farm |
| 16:56 | Build | Farm |
| 17:14 | Build | Farm |
| 17:19 | Build | House |
| 17:21 | Create | Villager (Male) |
| 17:22 | Create | Villager (Male) |
| 17:22 | Create | Villager (Male) |
| 17:34 | Build | Farm |
| 17:54 | Build | House |
| 17:57 | Build | Farm |
| 18:08 | Build | Farm |
| 18:18 | Build | Farm |
| 18:24 | Create | Villager (Male) |
| 18:25 | Create | Villager (Male) |
| 18:28 | Build | House |
| 18:42 | Build | Farm |
| 18:50 | Build | Farm |
| 19:05 | Build | Farm |
| 19:16 | Build | Farm |
| 19:21 | Build | House |
| 19:30 | Create | Villager (Male) |
| 19:30 | Create | Villager (Male) |
| 19:31 | Create | Villager (Male) |
| 19:54 | Build | Stable |
| 19:58 | Build | Farm |
| 20:23 | Build | Farm |
| 20:29 | Research | Castle Age |
| 21:44 | Build | House |
| 22:22 | Build | House |
| 22:55 | Build | House |
| 22:56 | Build | House |
| 23:04 | Age | Castle Age |
| 23:07 | Build | Monastery |
| 23:08 | Build | Monastery |
| 23:09 | Build | Monastery |
| 23:15 | Research | Hand Cart |
| 23:15 | Research | Town Patrol |
| 23:36 | Create | Monk |
| 23:36 | Research | Fervor |
| 23:45 | Research | Bow Saw |
| 24:00 | Create | Monk |
| 24:09 | Create | Villager (Male) |
| 24:09 | Create | Villager (Male) |
| 24:09 | Create | Villager (Male) |
| 24:27 | Create | Monk |
| 24:36 | Create | Villager (Male) |
| 24:37 | Create | Villager (Male) |
| 24:42 | Research | Heavy Plow |
| 24:46 | Research | Gold Shaft Mining |
| 24:51 | Research | Stone Shaft Mining |
| 25:02 | Create | Monk |
| 25:18 | Create | Monk |
| 25:23 | Create | Villager (Male) |
| 25:23 | Create | Villager (Male) |
| 25:47 | Create | Villager (Male) |
| 25:47 | Create | Villager (Male) |
| 26:10 | Build | Castle |
| 26:16 | Create | Knight |
| 26:16 | Create | Knight |
| 26:19 | Create | Villager (Male) |
| 26:19 | Create | Villager (Male) |
| 26:30 | Build | Town Center |
| 26:55 | Create | Villager (Male) |
| 26:56 | Create | Villager (Male) |
| 27:34 | Create | Knight |
| 27:37 | Create | Spearman |
| 27:37 | Create | Spearman |
| 27:37 | Create | Spearman |
| 27:38 | Create | Spearman |
| 28:02 | Build | Castle |
| 28:18 | Create | Villager (Male) |
| 28:18 | Create | Villager (Male) |
| 28:18 | Create | Villager (Male) |
| 28:19 | Create | Villager (Male) |
| 28:19 | Create | Villager (Male) |
| 28:19 | Create | Villager (Male) |
| 28:20 | Create | Villager (Male) |
| 28:20 | Create | Villager (Male) |
| 28:20 | Create | Villager (Male) |
| 28:24 | Build | Farm |
| 28:26 | Build | Farm |
Build order — Crispocivil
First 150 of 442 actions detected
| 0:04 | Create | Villager (Male) |
| 0:04 | Create | Villager (Male) |
| 0:04 | Create | Villager (Male) |
| 0:05 | Create | Villager (Male) |
| 0:07 | Build | House |
| 1:33 | Build | House |
| 1:45 | Create | Villager (Male) |
| 2:39 | Create | Villager (Male) |
| 2:40 | Create | Villager (Male) |
| 3:51 | Create | Villager (Male) |
| 3:51 | Create | Villager (Male) |
| 3:52 | Create | Villager (Male) |
| 3:58 | Build | House |
| 4:23 | Create | Villager (Male) |
| 4:53 | Create | Villager (Male) |
| 5:04 | Create | Villager (Male) |
| 5:33 | Research | Loom |
| 6:07 | Build | Mining Camp |
| 6:26 | Build | Lumber Camp |
| 6:46 | Create | Villager (Male) |
| 8:28 | Build | Mill |
| 9:00 | Research | Feudal Age |
| 10:22 | Build | House |
| 10:29 | Build | House |
| 11:01 | Build | House |
| 11:13 | Create | Villager (Male) |
| 11:13 | Create | Villager (Male) |
| 11:14 | Research | Double-Bit Axe |
| 11:21 | Build | Market |
| 11:26 | Research | Horse Collar |
| 11:41 | Build | Farm |
| 11:55 | Create | Villager (Male) |
| 12:06 | Build | Farm |
| 12:29 | Create | Villager (Male) |
| 12:52 | Build | Blacksmith |
| 13:01 | Create | Villager (Male) |
| 13:16 | Build | Farm |
| 13:30 | Create | Villager (Male) |
| 13:39 | Research | Castle Age |
| 14:13 | Build | Mining Camp |
| 14:41 | Research | Stone Mining |
| 15:23 | Create | Villager (Male) |
| 16:19 | Create | Villager (Male) |
| 16:25 | Build | Town Center |
| 16:38 | Build | Farm |
| 16:47 | Create | Villager (Male) |
| 17:02 | Build | Farm |
| 17:14 | Create | Villager (Male) |
| 17:31 | Build | Farm |
| 17:45 | Build | House |
| 17:52 | Create | Villager (Male) |
| 18:04 | Build | Farm |
| 18:06 | Create | Villager (Male) |
| 18:15 | Create | Villager (Male) |
| 18:36 | Create | Villager (Male) |
| 18:44 | Create | Villager (Male) |
| 18:55 | Research | Horse Collar |
| 18:59 | Create | Villager (Male) |
| 19:18 | Create | Villager (Male) |
| 19:43 | Build | Town Center |
| 19:51 | Create | Villager (Male) |
| 19:51 | Create | Villager (Male) |
| 19:54 | Build | Farm |
| 20:15 | Create | Villager (Male) |
| 20:17 | Create | Villager (Male) |
| 20:32 | Create | Villager (Male) |
| 20:33 | Create | Villager (Male) |
| 20:49 | Build | House |
| 20:56 | Build | Farm |
| 21:02 | Create | Villager (Male) |
| 21:09 | Build | Farm |
| 21:32 | Build | Farm |
| 21:37 | Create | Villager (Male) |
| 21:38 | Create | Villager (Male) |
| 21:40 | Build | Farm |
| 21:42 | Create | Villager (Male) |
| 21:58 | Build | Castle |
| 22:01 | Create | Villager (Male) |
| 22:04 | Create | Villager (Male) |
| 22:09 | Build | House |
| 22:11 | Build | House |
| 22:16 | Build | Farm |
| 22:37 | Build | House |
| 22:38 | Build | House |
| 22:40 | Create | Villager (Male) |
| 22:45 | Build | Farm |
| 22:46 | Create | Villager (Male) |
| 22:48 | Create | Villager (Male) |
| 22:59 | Build | Town Center |
| 23:02 | Create | Villager (Male) |
| 23:03 | Create | Villager (Male) |
| 23:13 | Build | Lumber Camp |
| 23:25 | Build | House |
| 23:28 | Create | Villager (Male) |
| 23:30 | Create | Villager (Male) |
| 23:36 | Build | Farm |
| 23:36 | Build | Farm |
| 23:39 | Create | Villager (Male) |
| 24:06 | Create | Villager (Male) |
| 24:09 | Create | Villager (Male) |
| 24:11 | Create | Villager (Male) |
| 24:15 | Build | Farm |
| 24:19 | Build | Farm |
| 24:21 | Create | Villager (Male) |
| 24:34 | Build | House |
| 24:36 | Build | House |
| 24:38 | Create | Villager (Male) |
| 24:42 | Build | Farm |
| 24:52 | Build | Lumber Camp |
| 24:53 | Create | Villager (Male) |
| 24:57 | Build | Farm |
| 24:59 | Create | Villager (Male) |
| 25:07 | Create | Villager (Male) |
| 25:07 | Create | Villager (Male) |
| 25:09 | Create | Villager (Male) |
| 25:17 | Build | Farm |
| 25:29 | Build | Farm |
| 25:29 | Build | Farm |
| 25:30 | Build | Farm |
| 25:35 | Create | Villager (Male) |
| 25:36 | Create | Villager (Male) |
| 25:43 | Build | Farm |
| 25:44 | Build | Farm |
| 25:45 | Build | Farm |
| 25:47 | Build | Farm |
| 25:51 | Build | Farm |
| 25:53 | Create | Villager (Male) |
| 25:55 | Create | Villager (Male) |
| 25:58 | Create | Villager (Male) |
| 25:59 | Create | Villager (Male) |
| 26:13 | Build | House |
| 26:14 | Build | House |
| 26:33 | Build | Farm |
| 26:37 | Build | Farm |
| 26:38 | Build | Farm |
| 26:39 | Create | Villager (Male) |
| 26:40 | Create | Villager (Male) |
| 26:41 | Create | Villager (Male) |
| 26:43 | Create | Villager (Male) |
| 26:44 | Create | Villager (Male) |
| 26:45 | Create | Villager (Male) |
| 26:54 | Build | Mining Camp |
| 27:05 | Research | Heavy Plow |
| 27:11 | Create | Villager (Male) |
| 27:14 | Create | Villager (Male) |
| 27:21 | Build | Mill |
| 27:22 | Build | Farm |
| 27:25 | Build | Farm |
| 27:28 | Create | Villager (Male) |
| 27:29 | Create | Villager (Male) |
Build order — Launger
First 150 of 403 actions detected
| 0:16 | Create | Villager (Male) |
| 0:17 | Create | Villager (Male) |
| 0:17 | Create | Villager (Male) |
| 0:20 | Build | House |
| 0:22 | Build | House |
| 0:31 | Create | Villager (Male) |
| 0:31 | Create | Villager (Male) |
| 2:20 | Create | Villager (Male) |
| 2:20 | Create | Villager (Male) |
| 2:20 | Create | Villager (Male) |
| 2:48 | Build | Lumber Camp |
| 3:07 | Create | Villager (Male) |
| 3:08 | Create | Villager (Male) |
| 4:02 | Create | Villager (Male) |
| 4:02 | Create | Villager (Male) |
| 4:02 | Create | Villager (Male) |
| 4:45 | Create | Villager (Male) |
| 4:59 | Build | House |
| 5:00 | Build | House |
| 5:16 | Create | Villager (Male) |
| 5:30 | Build | Mill |
| 5:44 | Create | Villager (Male) |
| 5:44 | Create | Villager (Male) |
| 6:05 | Create | Villager (Male) |
| 7:05 | Create | Villager (Male) |
| 7:38 | Create | Villager (Male) |
| 8:19 | Research | Feudal Age |
| 10:29 | Age | Feudal Age |
| 10:34 | Build | Town Center |
| 10:54 | Create | Villager (Male) |
| 10:54 | Create | Villager (Male) |
| 10:58 | Create | Villager (Male) |
| 11:45 | Create | Villager (Male) |
| 11:53 | Build | Farm |
| 12:29 | Create | Villager (Male) |
| 12:37 | Create | Villager (Male) |
| 12:50 | Create | Villager (Male) |
| 12:50 | Create | Villager (Male) |
| 12:59 | Build | House |
| 13:00 | Build | House |
| 13:07 | Build | Farm |
| 13:07 | Build | Farm |
| 13:08 | Build | Farm |
| 13:21 | Create | Villager (Male) |
| 13:22 | Create | Villager (Male) |
| 13:39 | Research | Double-Bit Axe |
| 13:44 | Create | Villager (Male) |
| 13:46 | Create | Villager (Male) |
| 14:28 | Build | Palisade Wall |
| 14:37 | Create | Villager (Male) |
| 14:37 | Create | Villager (Male) |
| 14:45 | Build | House |
| 14:47 | Build | House |
| 14:48 | Build | House |
| 14:53 | Create | Villager (Male) |
| 14:53 | Create | Villager (Male) |
| 15:04 | Create | Villager (Male) |
| 15:06 | Create | Villager (Male) |
| 15:24 | Create | Villager (Male) |
| 15:26 | Create | Villager (Male) |
| 15:32 | Build | Farm |
| 15:33 | Build | Farm |
| 15:33 | Build | Farm |
| 15:35 | Build | Farm |
| 15:35 | Build | Farm |
| 15:35 | Build | Farm |
| 15:36 | Build | Farm |
| 15:36 | Build | Farm |
| 15:36 | Build | Farm |
| 15:51 | Build | Farm |
| 16:28 | Build | Farm |
| 16:35 | Create | Villager (Male) |
| 16:37 | Create | Villager (Male) |
| 16:42 | Build | Market |
| 16:44 | Build | Blacksmith |
| 17:04 | Create | Villager (Male) |
| 17:04 | Create | Villager (Male) |
| 17:17 | Build | Mining Camp |
| 17:29 | Create | Villager (Male) |
| 17:31 | Create | Villager (Male) |
| 17:49 | Create | Villager (Male) |
| 17:50 | Create | Villager (Male) |
| 17:56 | Create | Villager (Male) |
| 17:57 | Create | Villager (Male) |
| 18:04 | Build | Farm |
| 18:14 | Build | Farm |
| 18:14 | Build | Farm |
| 18:15 | Build | Farm |
| 18:16 | Build | Farm |
| 18:23 | Build | Farm |
| 18:26 | Build | Farm |
| 18:36 | Build | Mining Camp |
| 19:00 | Build | Farm |
| 19:02 | Research | Castle Age |
| 19:12 | Create | Villager (Male) |
| 19:17 | Build | Farm |
| 19:28 | Build | Barracks |
| 19:38 | Create | Villager (Male) |
| 19:38 | Create | Villager (Male) |
| 19:39 | Create | Villager (Male) |
| 19:53 | Research | Man-at-Arms (upgrade) |
| 19:53 | Research | Man-at-Arms (upgrade) |
| 20:00 | Create | Villager (Male) |
| 20:00 | Create | Villager (Male) |
| 20:12 | Research | Gold Mining |
| 20:27 | Build | Farm |
| 20:31 | Create | Villager (Male) |
| 20:32 | Create | Villager (Male) |
| 20:36 | Build | House |
| 20:38 | Build | House |
| 20:38 | Build | House |
| 20:41 | Build | House |
| 20:41 | Build | House |
| 20:47 | Create | Militia |
| 20:47 | Create | Militia |
| 20:48 | Create | Militia |
| 21:10 | Create | Militia |
| 21:42 | Age | Castle Age |
| 22:09 | Build | Palisade Gate |
| 22:12 | Build | House |
| 22:30 | Create | Militia |
| 22:31 | Create | Militia |
| 22:40 | Build | Town Center |
| 22:53 | Build | Town Center |
| 23:10 | Build | Town Center |
| 23:20 | Research | Loom |
| 23:50 | Create | Villager (Male) |
| 23:50 | Create | Villager (Male) |
| 23:50 | Create | Villager (Male) |
| 24:13 | Create | Villager (Male) |
| 24:13 | Create | Villager (Male) |
| 24:15 | Create | Villager (Male) |
| 24:15 | Create | Villager (Male) |
| 24:15 | Create | Villager (Male) |
| 24:16 | Create | Villager (Male) |
| 24:16 | Create | Villager (Male) |
| 24:16 | Create | Villager (Male) |
| 24:31 | Build | Archery Range |
| 24:34 | Build | Archery Range |
| 24:46 | Create | Villager (Male) |
| 24:46 | Create | Villager (Male) |
| 25:40 | Create | Skirmisher |
| 25:40 | Create | Skirmisher |
| 25:42 | Create | Skirmisher |
| 25:43 | Create | Skirmisher |
| 25:43 | Create | Skirmisher |
| 25:48 | Create | Skirmisher |
| 25:58 | Build | Palisade Gate |
| 26:03 | Build | Palisade Gate |
| 26:05 | Create | Villager (Male) |
Build order — Zamstone
First 150 of 335 actions detected
| 0:03 | Create | Villager (Male) |
| 0:03 | Create | Villager (Male) |
| 0:04 | Create | Villager (Male) |
| 0:04 | Create | Villager (Male) |
| 0:06 | Build | House |
| 0:08 | Build | House |
| 1:38 | Create | Villager (Male) |
| 1:38 | Create | Villager (Male) |
| 2:13 | Create | Villager (Male) |
| 2:14 | Create | Villager (Male) |
| 2:22 | Create | Villager (Male) |
| 2:22 | Create | Villager (Male) |
| 2:43 | Create | Villager (Male) |
| 2:43 | Create | Villager (Male) |
| 2:43 | Create | Villager (Male) |
| 2:55 | Create | Villager (Male) |
| 2:55 | Create | Villager (Male) |
| 3:28 | Build | House |
| 3:31 | Create | Villager (Male) |
| 3:32 | Create | Villager (Male) |
| 4:02 | Create | Villager (Male) |
| 4:02 | Create | Villager (Male) |
| 4:02 | Create | Villager (Male) |
| 4:56 | Create | Villager (Male) |
| 4:56 | Create | Villager (Male) |
| 4:56 | Create | Villager (Male) |
| 5:46 | Create | Villager (Male) |
| 5:46 | Create | Villager (Male) |
| 5:56 | Build | House |
| 6:57 | Build | Lumber Camp |
| 7:01 | Create | Villager (Male) |
| 7:01 | Create | Villager (Male) |
| 7:42 | Create | Villager (Male) |
| 8:27 | Build | Mill |
| 8:29 | Research | Loom |
| 8:39 | Create | Villager (Male) |
| 8:43 | Research | Feudal Age |
| 9:36 | Build | Mining Camp |
| 9:41 | Create | Villager (Male) |
| 9:41 | Create | Villager (Male) |
| 9:42 | Create | Villager (Male) |
| 9:49 | Build | House |
| 9:50 | Build | House |
| 9:58 | Create | Villager (Male) |
| 10:12 | Age | Feudal Age |
| 10:14 | Research | Horse Collar |
| 10:28 | Research | Wheelbarrow |
| 10:55 | Build | Barracks |
| 11:11 | Research | Double-Bit Axe |
| 11:40 | Build | House |
| 11:42 | Build | House |
| 11:53 | Create | Villager (Male) |
| 11:53 | Create | Villager (Male) |
| 12:28 | Create | Spearman |
| 12:29 | Create | Spearman |
| 12:53 | Build | Farm |
| 12:55 | Build | Farm |
| 13:00 | Build | Farm |
| 13:02 | Build | Farm |
| 13:03 | Build | Farm |
| 13:05 | Build | Farm |
| 13:46 | Create | Villager (Male) |
| 13:46 | Create | Villager (Male) |
| 14:03 | Build | Farm |
| 14:05 | Build | Farm |
| 14:06 | Build | Farm |
| 14:16 | Build | Farm |
| 14:17 | Build | Farm |
| 14:23 | Build | Farm |
| 14:31 | Create | Villager (Male) |
| 14:45 | Build | Farm |
| 14:47 | Build | Farm |
| 14:52 | Create | Villager (Male) |
| 15:11 | Build | Mining Camp |
| 15:20 | Create | Villager (Male) |
| 15:36 | Build | Farm |
| 15:59 | Build | Blacksmith |
| 16:03 | Create | Villager (Male) |
| 16:03 | Create | Villager (Male) |
| 16:33 | Research | Stone Mining |
| 17:04 | Create | Villager (Male) |
| 17:19 | Create | Villager (Male) |
| 17:34 | Build | Market |
| 17:53 | Create | Villager (Male) |
| 18:00 | Create | Villager (Male) |
| 18:01 | Research | Castle Age |
| 18:11 | Build | House |
| 18:13 | Build | House |
| 18:27 | Research | Fletching |
| 19:12 | Create | Villager (Male) |
| 19:12 | Create | Villager (Male) |
| 19:12 | Create | Villager (Male) |
| 19:13 | Create | Villager (Male) |
| 19:17 | Research | Gold Mining |
| 19:55 | Create | Spearman |
| 19:55 | Create | Spearman |
| 20:01 | Create | Villager (Male) |
| 20:07 | Research | Forging |
| 20:18 | Research | Arson |
| 20:20 | Age | Castle Age |
| 20:33 | Build | Castle |
| 21:06 | Research | Bodkin Arrow |
| 21:29 | Build | Town Center |
| 21:34 | Research | Heavy Plow |
| 21:55 | Build | Mining Camp |
| 22:09 | Create | Karambit Warrior |
| 22:09 | Create | Karambit Warrior |
| 22:10 | Create | Karambit Warrior |
| 22:10 | Create | Karambit Warrior |
| 22:10 | Create | Karambit Warrior |
| 22:10 | Create | Karambit Warrior |
| 22:11 | Create | Karambit Warrior |
| 22:11 | Create | Karambit Warrior |
| 22:11 | Create | Karambit Warrior |
| 22:11 | Create | Karambit Warrior |
| 22:12 | Create | Karambit Warrior |
| 22:12 | Create | Karambit Warrior |
| 22:12 | Create | Karambit Warrior |
| 22:36 | Build | Farm |
| 22:38 | Build | Farm |
| 22:43 | Build | Farm |
| 22:50 | Create | Villager (Male) |
| 22:50 | Create | Villager (Male) |
| 22:51 | Create | Villager (Male) |
| 22:51 | Create | Villager (Male) |
| 23:21 | Build | Siege Workshop |
| 23:31 | Research | Iron Casting |
| 24:12 | Create | Mangonel |
| 25:18 | Create | Mangonel |
| 25:18 | Create | Mangonel |
| 25:25 | Research | Hand Cart |
| 25:32 | Create | Villager (Male) |
| 25:32 | Create | Villager (Male) |
| 25:32 | Create | Villager (Male) |
| 25:33 | Create | Villager (Male) |
| 25:33 | Create | Villager (Male) |
| 25:37 | Research | Bow Saw |
| 26:24 | Create | Karambit Warrior |
| 26:24 | Create | Karambit Warrior |
| 26:24 | Create | Karambit Warrior |
| 26:24 | Create | Karambit Warrior |
| 26:25 | Create | Karambit Warrior |
| 26:25 | Create | Karambit Warrior |
| 26:25 | Create | Karambit Warrior |
| 26:25 | Create | Karambit Warrior |
| 26:26 | Create | Karambit Warrior |
| 26:26 | Create | Karambit Warrior |
| 26:26 | Create | Karambit Warrior |
| 26:26 | Create | Karambit Warrior |
| 26:27 | Create | Karambit Warrior |
Build order — sensticks
First 150 of 254 actions detected
| 0:02 | Create | Villager (Male) |
| 0:02 | Create | Villager (Male) |
| 0:02 | Create | Villager (Male) |
| 0:03 | Create | Villager (Male) |
| 0:04 | Build | House |
| 0:06 | Build | House |
| 1:35 | Create | Villager (Male) |
| 1:36 | Create | Villager (Male) |
| 1:36 | Create | Villager (Male) |
| 1:48 | Build | Lumber Camp |
| 1:50 | Create | Villager (Male) |
| 1:51 | Create | Villager (Male) |
| 2:15 | Create | Villager (Male) |
| 2:16 | Create | Villager (Male) |
| 2:45 | Create | Villager (Male) |
| 2:45 | Create | Villager (Male) |
| 2:45 | Create | Villager (Male) |
| 3:03 | Create | Villager (Male) |
| 3:03 | Create | Villager (Male) |
| 3:28 | Build | House |
| 3:58 | Build | Mill |
| 4:05 | Build | Mill |
| 4:20 | Create | Villager (Male) |
| 4:21 | Create | Villager (Male) |
| 4:21 | Create | Villager (Male) |
| 4:21 | Create | Villager (Male) |
| 4:21 | Create | Villager (Male) |
| 5:23 | Create | Villager (Male) |
| 5:24 | Create | Villager (Male) |
| 5:24 | Create | Villager (Male) |
| 5:45 | Create | Villager (Male) |
| 5:53 | Build | House |
| 6:31 | Create | Villager (Male) |
| 6:36 | Build | Farm |
| 7:13 | Build | Farm |
| 7:18 | Build | Farm |
| 7:22 | Research | Loom |
| 8:01 | Build | Farm |
| 8:11 | Research | Feudal Age |
| 8:31 | Build | House |
| 9:19 | Build | Mill |
| 9:36 | Create | Villager (Male) |
| 9:37 | Create | Villager (Male) |
| 10:30 | Build | Mining Camp |
| 10:40 | Age | Feudal Age |
| 10:45 | Research | Double-Bit Axe |
| 11:05 | Build | Blacksmith |
| 11:11 | Create | Villager (Male) |
| 12:08 | Build | Lumber Camp |
| 12:16 | Create | Villager (Male) |
| 12:38 | Build | Market |
| 12:52 | Build | Market |
| 13:01 | Create | Villager (Male) |
| 13:18 | Build | House |
| 13:25 | Create | Villager (Male) |
| 13:31 | Research | Castle Age |
| 14:22 | Build | Mining Camp |
| 15:39 | Research | Stone Mining |
| 15:42 | Create | Villager (Male) |
| 15:49 | Build | House |
| 16:22 | Research | Horse Collar |
| 16:31 | Age | Castle Age |
| 16:32 | Research | Gold Mining |
| 16:35 | Research | Bow Saw |
| 17:01 | Build | Town Center |
| 17:09 | Create | Villager (Male) |
| 17:09 | Create | Villager (Male) |
| 17:54 | Create | Villager (Male) |
| 18:22 | Build | Town Center |
| 18:33 | Create | Villager (Male) |
| 18:33 | Create | Villager (Male) |
| 18:38 | Create | Villager (Male) |
| 18:38 | Create | Villager (Male) |
| 19:07 | Build | Castle |
| 19:26 | Build | Farm |
| 19:28 | Build | Farm |
| 19:35 | Create | Villager (Male) |
| 19:36 | Create | Villager (Male) |
| 19:36 | Create | Villager (Male) |
| 19:37 | Create | Villager (Male) |
| 19:37 | Create | Villager (Male) |
| 19:55 | Create | Villager (Male) |
| 20:05 | Build | Farm |
| 20:09 | Build | Farm |
| 20:09 | Build | Farm |
| 20:22 | Build | Barracks |
| 20:35 | Build | Lumber Camp |
| 20:43 | Build | Farm |
| 20:43 | Build | Farm |
| 20:43 | Build | Farm |
| 20:50 | Create | Villager (Male) |
| 20:51 | Create | Villager (Male) |
| 20:51 | Create | Villager (Male) |
| 20:51 | Create | Villager (Male) |
| 21:15 | Build | Siege Workshop |
| 21:21 | Create | Longbowman |
| 21:22 | Create | Longbowman |
| 21:28 | Build | Stone Wall |
| 21:38 | Build | Stone Wall |
| 21:41 | Create | Villager (Male) |
| 21:42 | Create | Villager (Male) |
| 21:42 | Create | Villager (Male) |
| 21:42 | Create | Villager (Male) |
| 22:00 | Build | University |
| 22:26 | Create | Longbowman |
| 22:26 | Create | Longbowman |
| 22:30 | Create | Battering Ram |
| 23:00 | Research | Fletching |
| 23:03 | Research | Ballistics |
| 23:28 | Create | Longbowman |
| 23:28 | Create | Longbowman |
| 23:28 | Create | Longbowman |
| 23:41 | Create | Longbowman |
| 23:41 | Create | Longbowman |
| 24:09 | Build | House |
| 24:11 | Build | House |
| 24:17 | Research | Bodkin Arrow |
| 24:21 | Build | Lumber Camp |
| 24:40 | Build | Stone Wall |
| 25:16 | Build | House |
| 25:19 | Create | Longbowman |
| 25:19 | Create | Longbowman |
| 25:27 | Create | Villager (Male) |
| 25:27 | Create | Villager (Male) |
| 25:28 | Create | Villager (Male) |
| 25:28 | Create | Villager (Male) |
| 25:37 | Build | Mill |
| 25:38 | Build | Farm |
| 25:38 | Build | Farm |
| 25:39 | Build | Farm |
| 25:39 | Build | Farm |
| 25:39 | Build | Farm |
| 25:39 | Build | Farm |
| 25:40 | Build | Farm |
| 26:02 | Create | Battering Ram |
| 26:09 | Build | Gate |
| 26:13 | Create | Villager (Male) |
| 26:14 | Create | Villager (Male) |
| 26:14 | Create | Villager (Male) |
| 26:28 | Create | Villager (Male) |
| 28:00 | Create | Mangonel |
| 28:12 | Build | Siege Workshop |
| 28:14 | Create | Villager (Male) |
| 28:14 | Create | Villager (Male) |
| 28:14 | Create | Villager (Male) |
| 28:15 | Create | Villager (Male) |
| 28:15 | Create | Villager (Male) |
| 28:15 | Create | Villager (Male) |
| 28:15 | Create | Villager (Male) |
| 28:22 | Build | Mill |
Build order — Rasgacu
First 150 of 339 actions detected
| 0:01 | Create | Villager (Male) |
| 0:01 | Create | Villager (Male) |
| 0:02 | Create | Villager (Male) |
| 0:02 | Create | Villager (Male) |
| 0:05 | Build | House |
| 0:07 | Build | House |
| 0:40 | Build | Mill |
| 1:50 | Create | Villager (Male) |
| 1:50 | Create | Villager (Male) |
| 2:00 | Create | Villager (Male) |
| 2:00 | Create | Villager (Male) |
| 2:51 | Create | Villager (Male) |
| 2:52 | Create | Villager (Male) |
| 2:52 | Create | Villager (Male) |
| 3:44 | Create | Villager (Male) |
| 3:44 | Create | Villager (Male) |
| 3:45 | Create | Villager (Male) |
| 4:01 | Create | Villager (Male) |
| 4:01 | Create | Villager (Male) |
| 4:17 | Create | Villager (Male) |
| 4:23 | Build | House |
| 4:24 | Build | House |
| 4:46 | Create | Villager (Male) |
| 5:14 | Create | Villager (Male) |
| 5:15 | Create | Villager (Male) |
| 5:43 | Build | Lumber Camp |
| 5:51 | Create | Villager (Male) |
| 5:51 | Create | Villager (Male) |
| 5:57 | Create | Villager (Male) |
| 6:31 | Create | Villager (Male) |
| 7:00 | Create | Villager (Male) |
| 7:28 | Create | Villager (Male) |
| 7:54 | Create | Villager (Male) |
| 8:37 | Create | Villager (Male) |
| 9:05 | Create | Villager (Male) |
| 9:13 | Research | Feudal Age |
| 9:18 | Build | House |
| 10:07 | Build | Farm |
| 10:11 | Build | Farm |
| 10:14 | Build | Farm |
| 10:19 | Build | Farm |
| 10:25 | Build | Farm |
| 10:33 | Build | Farm |
| 11:21 | Create | Villager (Male) |
| 11:21 | Create | Villager (Male) |
| 11:28 | Age | Feudal Age |
| 11:32 | Build | Market |
| 11:37 | Build | Blacksmith |
| 11:57 | Research | Double-Bit Axe |
| 12:09 | Build | Mining Camp |
| 12:32 | Research | Castle Age |
| 14:38 | Research | Gold Mining |
| 14:42 | Research | Horse Collar |
| 14:45 | Research | Wheelbarrow |
| 15:12 | Age | Castle Age |
| 15:14 | Create | Villager (Male) |
| 15:14 | Create | Villager (Male) |
| 15:18 | Build | Town Center |
| 15:28 | Build | Town Center |
| 15:38 | Create | Villager (Male) |
| 16:33 | Create | Villager (Male) |
| 16:40 | Create | Villager (Male) |
| 17:07 | Build | House |
| 17:10 | Create | Villager (Male) |
| 17:10 | Create | Villager (Male) |
| 17:11 | Create | Villager (Male) |
| 17:28 | Build | Town Center |
| 17:31 | Create | Villager (Male) |
| 17:31 | Create | Villager (Male) |
| 17:50 | Create | Villager (Male) |
| 17:51 | Create | Villager (Male) |
| 17:56 | Build | Farm |
| 18:02 | Build | House |
| 18:08 | Build | House |
| 18:11 | Create | Villager (Male) |
| 18:11 | Create | Villager (Male) |
| 18:22 | Create | Villager (Male) |
| 18:22 | Create | Villager (Male) |
| 18:23 | Create | Villager (Male) |
| 18:29 | Build | Farm |
| 18:33 | Build | Farm |
| 18:44 | Build | Farm |
| 18:58 | Create | Villager (Male) |
| 18:58 | Create | Villager (Male) |
| 19:02 | Build | House |
| 19:03 | Build | House |
| 19:06 | Create | Villager (Male) |
| 19:06 | Create | Villager (Male) |
| 19:19 | Build | Farm |
| 19:25 | Create | Villager (Male) |
| 19:25 | Create | Villager (Male) |
| 19:30 | Create | Villager (Male) |
| 19:30 | Create | Villager (Male) |
| 19:30 | Create | Villager (Male) |
| 19:42 | Build | Castle |
| 19:56 | Create | Villager (Male) |
| 19:57 | Create | Villager (Male) |
| 19:58 | Build | Farm |
| 20:07 | Create | Villager (Male) |
| 20:07 | Create | Villager (Male) |
| 20:13 | Build | House |
| 20:22 | Create | Villager (Male) |
| 20:28 | Build | House |
| 20:33 | Create | Villager (Male) |
| 20:34 | Create | Villager (Male) |
| 20:34 | Create | Villager (Male) |
| 20:34 | Create | Villager (Male) |
| 20:38 | Build | Farm |
| 20:40 | Build | Farm |
| 21:00 | Build | Barracks |
| 21:25 | Create | Villager (Male) |
| 21:25 | Create | Villager (Male) |
| 21:26 | Create | Villager (Male) |
| 21:51 | Build | Stable |
| 21:57 | Build | Farm |
| 21:58 | Build | Farm |
| 22:02 | Build | Farm |
| 22:04 | Build | Farm |
| 22:06 | Build | Farm |
| 22:06 | Build | Farm |
| 22:08 | Build | Farm |
| 22:29 | Research | Scale Barding Armor |
| 22:34 | Create | Shrivamsha Rider |
| 22:34 | Create | Shrivamsha Rider |
| 22:40 | Build | Stable |
| 22:50 | Research | Fletching |
| 22:53 | Research | Forging |
| 22:55 | Research | Bloodlines |
| 23:05 | Build | Stable |
| 23:10 | Create | Villager (Male) |
| 23:11 | Create | Villager (Male) |
| 23:11 | Create | Villager (Male) |
| 23:12 | Create | Villager (Male) |
| 23:18 | Research | Husbandry |
| 23:31 | Build | Farm |
| 23:44 | Create | Shrivamsha Rider ×2 |
| 24:20 | Create | Shrivamsha Rider ×5 |
| 24:30 | Create | Shrivamsha Rider ×3 |
| 24:35 | Create | Trade Cart |
| 24:36 | Create | Trade Cart |
| 24:36 | Create | Trade Cart |
| 24:38 | Create | Villager (Male) |
| 24:39 | Create | Villager (Male) |
| 25:13 | Research | Iron Casting |
| 25:14 | Research | Iron Casting |
| 25:50 | Create | Villager (Male) |
| 25:50 | Create | Villager (Male) |
| 25:50 | Create | Villager (Male) |
| 25:51 | Create | Villager (Male) |
| 25:51 | Create | Villager (Male) |
Build order — CCM | Muflon de Elite
First 150 of 372 actions detected
| 0:01 | Create | Villager (Male) |
| 0:02 | Create | Villager (Male) |
| 0:02 | Create | Villager (Male) |
| 0:03 | Create | Villager (Male) |
| 0:03 | Create | Villager (Male) |
| 0:03 | Create | Villager (Male) |
| 0:06 | Build | House |
| 0:09 | Build | House |
| 1:17 | Create | Villager (Male) |
| 2:04 | Create | Villager (Male) |
| 2:04 | Create | Villager (Male) |
| 2:20 | Create | Villager (Male) |
| 2:57 | Create | Villager (Male) |
| 2:57 | Create | Villager (Male) |
| 3:03 | Build | House |
| 3:09 | Create | Villager (Male) |
| 3:43 | Create | Villager (Male) |
| 3:43 | Create | Villager (Male) |
| 3:44 | Create | Villager (Male) |
| 3:51 | Build | House |
| 4:00 | Build | Mill |
| 4:07 | Create | Villager (Male) |
| 4:08 | Create | Villager (Male) |
| 5:03 | Create | Villager (Male) |
| 5:03 | Create | Villager (Male) |
| 5:04 | Create | Villager (Male) |
| 5:52 | Create | Villager (Male) |
| 6:10 | Create | Villager (Male) |
| 6:34 | Create | Villager (Male) |
| 7:02 | Create | Villager (Male) |
| 7:05 | Build | Lumber Camp |
| 7:10 | Create | Villager (Male) |
| 7:13 | Build | House |
| 7:37 | Build | Mining Camp |
| 7:58 | Create | Villager (Male) |
| 8:07 | Create | Villager (Male) |
| 8:27 | Research | Feudal Age |
| 8:30 | Build | Mining Camp |
| 8:43 | Build | Farm |
| 9:02 | Build | Farm |
| 10:37 | Research | Loom |
| 10:53 | Create | Villager (Male) |
| 10:58 | Age | Feudal Age |
| 11:22 | Build | Market |
| 11:33 | Create | Villager (Male) |
| 11:34 | Build | Blacksmith |
| 12:13 | Create | Villager (Male) |
| 12:24 | Build | Farm |
| 12:29 | Research | Castle Age |
| 12:49 | Build | Farm |
| 13:16 | Build | House |
| 13:20 | Build | House |
| 14:04 | Build | Barracks |
| 14:50 | Research | Fletching |
| 14:53 | Build | House |
| 15:13 | Create | Villager (Male) |
| 15:18 | Age | Castle Age |
| 15:29 | Build | Siege Workshop |
| 15:39 | Build | Siege Workshop |
| 15:44 | Create | Villager (Male) |
| 15:48 | Build | Farm |
| 16:06 | Create | Villager (Male) |
| 16:22 | Build | Castle |
| 16:26 | Create | Villager (Male) |
| 16:28 | Build | Farm |
| 16:31 | Research | Double-Bit Axe |
| 16:41 | Build | Farm |
| 16:44 | Research | Wheelbarrow |
| 16:48 | Create | Mangonel |
| 16:58 | Create | Villager (Male) |
| 17:26 | Build | Farm |
| 17:28 | Research | Horse Collar |
| 17:34 | Build | Farm |
| 17:38 | Build | House |
| 17:59 | Create | Villager (Male) |
| 18:13 | Build | House |
| 18:32 | Create | Camel Archer |
| 18:35 | Create | Villager (Male) |
| 18:58 | Build | Lumber Camp |
| 19:04 | Create | Villager (Male) |
| 19:10 | Create | Camel Archer |
| 19:17 | Create | Battering Ram |
| 19:24 | Build | House |
| 19:25 | Build | House |
| 19:28 | Create | Camel Archer |
| 19:29 | Create | Villager (Male) |
| 19:36 | Build | Farm |
| 19:49 | Create | Camel Archer |
| 19:55 | Research | Padded Archer Armor |
| 20:21 | Build | Monastery |
| 20:23 | Create | Villager (Male) |
| 20:25 | Create | Villager (Male) |
| 20:28 | Create | Villager (Male) |
| 20:31 | Research | Gold Mining |
| 20:37 | Create | Camel Archer |
| 20:44 | Create | Villager (Male) |
| 20:52 | Create | Villager (Male) |
| 20:57 | Create | Villager (Male) |
| 21:07 | Create | Villager (Male) |
| 21:13 | Build | Farm |
| 21:14 | Build | Farm |
| 21:18 | Build | Farm |
| 21:20 | Create | Monk |
| 21:52 | Create | Villager (Male) |
| 21:55 | Build | Farm |
| 22:15 | Create | Villager (Male) |
| 22:21 | Create | Camel Archer |
| 22:22 | Create | Villager (Male) |
| 22:23 | Create | Camel Archer |
| 22:23 | Create | Camel Archer |
| 22:24 | Create | Camel Archer |
| 22:37 | Create | Battering Ram |
| 22:44 | Create | Villager (Male) |
| 22:45 | Create | Villager (Male) |
| 23:26 | Create | Villager (Male) |
| 23:29 | Create | Camel Archer |
| 23:29 | Create | Camel Archer |
| 23:39 | Research | Bodkin Arrow |
| 23:41 | Create | Villager (Male) |
| 23:44 | Build | Farm |
| 23:44 | Build | Farm |
| 24:10 | Create | Villager (Male) |
| 24:18 | Create | Villager (Male) |
| 24:21 | Build | Lumber Camp |
| 24:27 | Create | Monk |
| 24:29 | Build | Mining Camp |
| 24:49 | Create | Villager (Male) |
| 24:51 | Create | Villager (Male) |
| 24:56 | Research | Bow Saw |
| 25:08 | Create | Villager (Male) |
| 25:38 | Research | Leather Archer Armor |
| 25:51 | Create | Camel Archer |
| 25:52 | Create | Villager (Male) |
| 26:09 | Create | Camel Archer |
| 26:18 | Create | Camel Archer |
| 26:23 | Create | Villager (Male) |
| 26:28 | Research | Fervor |
| 26:29 | Create | Villager (Male) |
| 26:43 | Create | Villager (Male) |
| 26:46 | Create | Villager (Male) |
| 26:51 | Build | Town Center |
| 27:05 | Create | Villager (Male) |
| 27:08 | Research | Town Watch |
| 27:18 | Create | Villager (Male) |
| 27:31 | Create | Camel Archer |
| 27:31 | Create | Camel Archer |
| 27:32 | Create | Villager (Male) |
| 27:40 | Build | Town Center |
| 27:46 | Build | Farm |
| 27:46 | Build | Farm |
Build order — 熙玄大帝
First 150 of 434 actions detected
| 0:09 | Build | House |
| 0:24 | Create | Villager (Male) |
| 0:24 | Create | Villager (Male) |
| 0:24 | Create | Villager (Male) |
| 0:24 | Create | Villager (Male) |
| 0:25 | Create | Villager (Male) |
| 0:25 | Create | Villager (Male) |
| 0:30 | Build | House |
| 0:35 | Build | House |
| 0:36 | Build | House |
| 2:05 | Create | Villager (Male) |
| 2:05 | Create | Villager (Male) |
| 2:06 | Create | Villager (Male) |
| 2:06 | Create | Villager (Male) |
| 2:29 | Create | Villager (Male) |
| 2:30 | Create | Villager (Male) |
| 2:48 | Create | Villager (Male) |
| 2:49 | Create | Villager (Male) |
| 3:23 | Create | Villager (Male) |
| 3:23 | Create | Villager (Male) |
| 3:23 | Create | Villager (Male) |
| 3:51 | Create | Villager (Male) |
| 3:51 | Create | Villager (Male) |
| 4:20 | Create | Villager (Male) |
| 4:21 | Create | Villager (Male) |
| 4:21 | Create | Villager (Male) |
| 4:48 | Build | Mill |
| 5:08 | Create | Villager (Male) |
| 5:08 | Create | Villager (Male) |
| 5:31 | Create | Villager (Male) |
| 5:31 | Create | Villager (Male) |
| 5:34 | Create | Villager (Male) |
| 5:41 | Create | Villager (Male) |
| 5:41 | Create | Villager (Male) |
| 6:10 | Create | Villager (Male) |
| 6:11 | Create | Villager (Male) |
| 6:19 | Create | Villager (Male) |
| 7:09 | Create | Villager (Male) |
| 7:09 | Create | Villager (Male) |
| 7:10 | Create | Villager (Male) |
| 7:10 | Create | Villager (Male) |
| 7:28 | Create | Villager (Male) |
| 9:08 | Build | Lumber Camp |
| 9:37 | Research | Feudal Age |
| 9:37 | Research | Feudal Age |
| 10:39 | Build | Mining Camp |
| 10:41 | Build | House |
| 10:44 | Build | Barracks |
| 11:39 | Create | Villager (Male) |
| 11:39 | Create | Villager (Male) |
| 11:40 | Create | Villager (Male) |
| 11:47 | Age | Feudal Age |
| 12:04 | Research | Horse Collar |
| 12:27 | Build | Farm |
| 12:29 | Build | Farm |
| 12:33 | Build | Archery Range |
| 12:47 | Create | Villager (Male) |
| 12:48 | Create | Villager (Male) |
| 13:01 | Build | Farm |
| 13:02 | Build | Farm |
| 13:20 | Build | Stable |
| 13:41 | Build | Farm |
| 13:56 | Build | Farm |
| 14:11 | Research | Castle Age |
| 14:14 | Build | Farm |
| 14:15 | Build | Farm |
| 14:22 | Build | Farm |
| 15:31 | Build | House |
| 15:33 | Build | House |
| 15:33 | Build | House |
| 15:34 | Build | House |
| 15:35 | Build | House |
| 15:36 | Build | House |
| 15:37 | Build | House |
| 15:55 | Research | Double-Bit Axe |
| 16:29 | Create | Villager (Male) |
| 16:29 | Create | Villager (Male) |
| 16:29 | Create | Villager (Male) |
| 16:29 | Create | Villager (Male) |
| 16:30 | Create | Villager (Male) |
| 16:51 | Age | Castle Age |
| 16:53 | Build | Monastery |
| 17:09 | Build | Town Center |
| 17:33 | Build | Town Center |
| 17:43 | Build | Farm |
| 17:44 | Build | Farm |
| 17:46 | Build | Farm |
| 17:53 | Create | Monk |
| 17:53 | Create | Monk |
| 17:54 | Create | Monk |
| 17:54 | Create | Monk |
| 17:54 | Create | Monk |
| 18:07 | Build | Farm |
| 19:16 | Build | Farm |
| 19:20 | Create | Villager (Male) |
| 19:20 | Create | Villager (Male) |
| 19:20 | Create | Villager (Male) |
| 19:21 | Create | Villager (Male) |
| 19:21 | Create | Villager (Male) |
| 19:21 | Create | Villager (Male) |
| 19:21 | Create | Villager (Male) |
| 19:22 | Create | Villager (Male) |
| 19:22 | Create | Villager (Male) |
| 19:22 | Create | Villager (Male) |
| 19:22 | Create | Villager (Male) |
| 19:23 | Create | Villager (Male) |
| 19:37 | Create | Villager (Male) |
| 19:37 | Create | Villager (Male) |
| 19:37 | Create | Villager (Male) |
| 19:37 | Create | Villager (Male) |
| 19:38 | Create | Villager (Male) |
| 19:38 | Create | Villager (Male) |
| 20:04 | Create | Villager (Male) |
| 20:04 | Create | Villager (Male) |
| 20:04 | Create | Villager (Male) |
| 20:06 | Build | Farm |
| 20:07 | Build | Farm |
| 20:13 | Create | Villager (Male) |
| 20:13 | Create | Villager (Male) |
| 20:22 | Build | Farm |
| 20:23 | Build | Farm |
| 20:38 | Create | Villager (Male) |
| 20:38 | Create | Villager (Male) |
| 20:39 | Create | Villager (Male) |
| 20:43 | Build | House |
| 20:46 | Build | House |
| 20:47 | Build | House |
| 20:48 | Build | House |
| 20:49 | Build | House |
| 20:57 | Build | Farm |
| 21:10 | Build | Farm |
| 21:15 | Build | Mining Camp |
| 21:18 | Create | Villager (Male) |
| 21:18 | Create | Villager (Male) |
| 21:19 | Create | Villager (Male) |
| 21:19 | Create | Villager (Male) |
| 21:19 | Create | Villager (Male) |
| 21:30 | Create | Villager (Male) |
| 21:30 | Create | Villager (Male) |
| 21:30 | Create | Villager (Male) |
| 22:09 | Research | Heavy Plow |
| 22:19 | Research | Bow Saw |
| 22:25 | Build | Farm |
| 22:26 | Build | Farm |
| 22:27 | Build | Farm |
| 22:29 | Build | Farm |
| 22:30 | Build | Farm |
| 22:32 | Build | Farm |
| 22:33 | Build | Farm |
| 22:34 | Build | Farm |
Match timeline
| 10:11 | Chevalierpersan · age_up feudal |
| 10:12 | Zamstone · age_up feudal |
| 10:29 | Launger · age_up feudal |
| 10:40 | sensticks · age_up feudal |
| 10:44 | 熙玄大帝 · first_building Barracks |
| 10:55 | Zamstone · first_building Barracks |
| 10:58 | CCM | Muflon de Elite · age_up feudal |
| 11:28 | Rasgacu · age_up feudal |
| 11:47 | 熙玄大帝 · age_up feudal |
| 12:30 | Rasgacu · first_market_sell 100 stone |
| 12:33 | 熙玄大帝 · first_building Archery Range |
| 13:20 | 熙玄大帝 · first_building Stable |
| 14:04 | CCM | Muflon de Elite · first_building Barracks |
| 14:24 | Chevalierpersan · first_building Barracks |
| 14:28 | Launger · wall_segment Palisade Wall x11 |
| 15:12 | Rasgacu · age_up castle |
| 15:18 | CCM | Muflon de Elite · age_up castle |
| 15:29 | CCM | Muflon de Elite · first_building Siege Workshop |
| 16:21 | Chevalierpersan · first_building Stable |
| 16:22 | CCM | Muflon de Elite · first_building Castle |
| 16:31 | sensticks · age_up castle |
| 16:51 | 熙玄大帝 · age_up castle |
| 16:53 | 熙玄大帝 · first_building Monastery |
| 18:21 | Rasgacu · first_market_buy 100 food |
| 18:43 | Launger · first_market_sell 100 stone |
| 18:54 | Launger · first_market_buy 100 food |
| 19:07 | sensticks · first_building Castle |
| 19:10 | Crispocivil · first_market_buy 100 wood |
| 19:28 | Launger · first_building Barracks |
| 19:42 | Rasgacu · first_building Castle |
| 20:20 | Zamstone · age_up castle |
| 20:21 | CCM | Muflon de Elite · first_building Monastery |
| 20:22 | sensticks · first_building Barracks |
| 20:33 | Zamstone · first_building Castle |
| 21:00 | Rasgacu · first_building Barracks |
| 21:15 | sensticks · first_building Siege Workshop |
| 21:22 | Zamstone · first_market_buy 100 stone |
| 21:28 | sensticks · wall_segment Stone Wall x8 |
| 21:38 | sensticks · wall_segment Stone Wall x17 |
| 21:42 | Launger · age_up castle |
| 21:51 | Rasgacu · first_building Stable |
| 21:58 | Crispocivil · first_building Castle |
| 23:04 | Chevalierpersan · age_up castle |
| 23:07 | Chevalierpersan · first_building Monastery |
| 23:21 | Zamstone · first_building Siege Workshop |
| 24:31 | Launger · first_building Archery Range |
| 24:40 | sensticks · wall_segment Stone Wall x3 |
| 26:10 | Chevalierpersan · first_building Castle |
| 27:40 | 熙玄大帝 · first_building Castle |
| 28:09 | Crispocivil · first_building Barracks |
| 28:42 | sensticks · first_building Monastery |
| 30:16 | CCM | Muflon de Elite · first_building Stable |
| 31:03 | 熙玄大帝 · age_up imperial |
| 31:09 | Zamstone · age_up imperial |
| 32:02 | CCM | Muflon de Elite · first_market_buy 100 food |
| 32:38 | sensticks · first_market_sell 100 food |
| 32:43 | CCM | Muflon de Elite · first_building Archery Range |
| 33:31 | Launger · first_building Siege Workshop |
| 33:36 | Rasgacu · age_up imperial |
| 34:02 | Crispocivil · first_building Stable |
| 34:18 | sensticks · first_market_buy 100 stone |
| 34:34 | Launger · first_building Castle |
| 34:58 | sensticks · wall_segment Stone Wall x4 |
| 35:44 | Crispocivil · first_market_sell 100 food |
| 35:51 | sensticks · first_building Stable |
| 35:52 | sensticks · age_up imperial |
| 36:05 | Chevalierpersan · age_up imperial |
| 36:20 | CCM | Muflon de Elite · age_up imperial |
| 36:54 | Rasgacu · first_building Siege Workshop |
| 39:08 | Launger · age_up imperial |
| 39:39 | sensticks · wall_segment Stone Wall x5 |
| 40:35 | Crispocivil · first_building Siege Workshop |
| 40:49 | sensticks · first_building Archery Range |
| 43:02 | 熙玄大帝 · first_market_sell 100 food |
| 43:11 | Chevalierpersan · resign |
[ AI ANALYSIS · 1 CREDIT ]
What really happened in this match?
Wolo.gg analyzes every decision: build order, eco, micro, common mistakes by bracket. Personalized analysis on WhatsApp or Discord in 30 seconds.
Civ guide
Persians
Perfil
Jugador #11613383